 Dungeon Crawl Stone Soup version 0.30-a0-359-gd0147acb1a (webtiles) character file.

Game seed: 15027737990169788630

11956 jfcaron the Spear-Bearer (level 11, -2/34 (87) HPs)
             Began as a Gnoll Reaver on Nov 11, 2022.
             Was a Priest of Vehumet.
             Slain by an elephant (11 damage)
             ... on level 1 of the Lair of Beasts.
             The game lasted 00:54:26 (14826 turns).

jfcaron the Spear-Bearer (Gnoll Reaver)            Turns: 14826, Time: 00:54:27

HP:   -2/34 (87)    AC: 10    Str: 11    XL:     11   Next: 85%
MP:   23/23         EV: 14    Int: 18    God:    Vehumet [***...]
Gold: 566           SH:  5    Dex: 10    Spells: 4/27 levels left

rFire   . . .      SeeInvis .    b - staff of conjuration
rCold   . . .      Faith    .    d - +0 buckler
rNeg    + . .      Spirit   .    z - +2 robe {rN+}
rPois   .          Reflect  .    n - +2 helmet
rElec   .          Harm     .    (no cloak)
rCorr   .          Rampage  .    o - +0 pair of gloves
Will    .....                    I - +0 pair of boots
Stlth   +++.......               O - amulet of magic regeneration
HPRegen 0.25/turn                t - ring of wizardry
MPRegen 0.58/turn                k - ring of wizardry

@: weak-willed, extremely drained
A: fangs 1, strong nose, distributed training
a: Renounce Religion


You were on level 1 of the Lair of Beasts.
You worshipped Vehumet.
Vehumet was most pleased with you.
You visited 3 branches of the dungeon, and saw 11 of its levels.

You collected 566 gold pieces.

Inventory:

Hand Weapons
 a - a +1 spear of venom
 p - a +0 trident
 q - a +4 dagger
 B - a +1 dire flail of draining
 C - a +3 halberd of freezing
 H - a +2 war axe of flaming
Missiles
 c - 97 stones
 j - 17 poisoned darts
 v - 6 boomerangs
 N - a curare-tipped dart {!f}
Armour
 d - a +0 buckler (worn)
 n - a +2 helmet (worn)
 o - a +0 pair of gloves (worn)
 z - a +2 robe of positive energy (worn)
 F - a +1 scale mail of willpower
 I - a +0 pair of boots (worn)
 L - a +2 chain mail of poison resistance
Magical Staves
 b - a staff of conjuration (weapon)
 m - a staff of cold
 x - a staff of air
Jewellery
 e - a ring of resist corrosion
 k - a ring of wizardry (right hand)
 t - a ring of wizardry (left hand)
 O - an amulet of magic regeneration (around neck)
Wands
 E - a wand of flame (1)
 K - a wand of digging (8)
 M - a wand of quicksilver (3)
Scrolls
 g - 6 scrolls of teleportation
 i - 3 scrolls of vulnerability
 y - 2 scrolls of torment
 A - 2 scrolls of enchant armour
 D - 2 scrolls of enchant weapon
 G - a scroll of silence
 J - 3 scrolls of identify
 P - a scroll of fear
 R - a scroll of noise {unknown}
Potions
 f - 2 potions of mutation
 h - 6 potions of brilliance
 r - 2 potions of magic
 s - 2 potions of curing
 u - a potion of attraction
 w - a potion of flight
 Q - a potion of berserk rage {unknown}


   Skills:
 + Level 8.4 Fighting
 + Level 6.9 Short Blades
 + Level 6.9 Long Blades
 + Level 6.9 Axes
 + Level 6.9 Maces & Flails
 + Level 9.6 Polearms
 + Level 6.9 Staves
 + Level 6.9 Ranged Weapons
 + Level 6.9 Throwing
 + Level 6.9 Armour
 + Level 8.4 Dodging
 + Level 6.9 Stealth
 + Level 6.9 Shields
 + Level 6.9 Unarmed Combat
 + Level 8.6 Spellcasting
 + Level 8.0 Conjurations
 + Level 5.7 Hexes
 + Level 5.7 Summonings
 + Level 5.7 Necromancy
 + Level 5.7 Translocations
 + Level 5.7 Transmutations
 + Level 5.7 Fire Magic
 + Level 5.7 Ice Magic
 + Level 5.7 Air Magic
 + Level 5.7 Earth Magic
 + Level 5.7 Poison Magic
 + Level 7.6 Invocations
 + Level 6.9 Evocations


You had 4 spell levels left.
You knew the following spells:

 Your Spells              Type           Power      Damage    Failure   Level
a - Kiss of Death         Conj/Necr      100%       2d13      1%          1
b - Magic Dart            Conj           100%       1d8       1%          1
c - Call Imp              Summ           28%        N/A       1%          2
d - Dispel Undead         Necr           28%        3d13      3%          4
e - Hailstorm             Conj/Ice       49%        3d11      1%          3
f - Cigotuvi's Dreadful   Necr/Pois/Air  56%        N/A       1%          2
g - Mephitic Cloud        Conj/Pois/Air  46%        N/A       1%          3
h - Poisonous Vapours     Pois/Air       56%        N/A       1%          2
i - Ozocubu's Armour      Ice            28%        N/A       1%          3
j - Apportation           Tloc           56%        N/A       1%          1
k - Necrotise             Necr           100%       1d9       1%          1

Your spell library contained the following spells:

 Spells                   Type           Power      Damage    Failure   Level
 Fireball                 Conj/Fire      24%        3d11      2%          5
 Beastly Appendage        Tmut           56%        N/A       1%          1
 Summon Small Mammal      Summ           100%       N/A       1%          1
 Momentum Strike          Conj/Tloc      98%        3d10      1%          2
 Wereblood                Tmut           28%        N/A       1%          2
 Gell's Gravitas          Tloc           28%        N/A       1%          3
 Ignite Poison            Fire/Tmut/Pois 28%        N/A       1%          3
 Kindle Blastsparks       Fire/Tloc/Air  56%        2d14      1%          3
 Lesser Beckoning         Tloc           56%        N/A       1%          3
 Spider Form              Tmut/Pois      28%        N/A       1%          3
 Teleport Other           Tloc           28%        N/A       1%          3
 Freezing Cloud           Conj/Ice/Air   23%        6-21      2%          5
 Death Channel            Necr           14%        N/A       38%         6
 Dispersal                Tloc           14%        N/A       38%         6
 Ozocubu's Refrigeration  Ice            14%        4d10      61%         7


Dungeon Overview and Level Annotations

Branches:
Dungeon (9/15)             Temple (1/1) D:4            Lair (1/5) D:8
    Orc: D:9-12

Altars:
Ashenzari
Cheibriados
Dithmenos
Elyvilon
Fedhas
Gozag
Hepliaklqana
Kikubaaqudgha
Makhleb
Nemelex Xobeh
Okawaru
Qazlal
Ru
Sif Muna
Trog
Uskayaw
Vehumet
Wu Jian
Yredelemnul
Zin
The Shining One


Innate Abilities, Weirdness & Mutations

You have very sharp teeth.
Your uncanny sense of smell can sniff out nearby items.
Your experience applies equally to all skills.


Message History

Aiming: Charm
Press: ? - help, Shift-Dir - straight line, f - elephant
Aim: an elephant (chance to affect: 31%)
Okay, then.
Unknown command.
Really read the scroll of vulnerability?
As you read the scroll of vulnerability, it crumbles to dust.
Magic quickly surges around you. You block the elephant's attack.
The elephant closely misses you. x2; The elephant barely misses you.
Aiming: Charm
Press: ? - help, Shift-Dir - straight line, f - elephant
Aim: an elephant (weak-willed, chance to affect: 57%)
The elephant resists with significant effort.
The elephant misses you. The elephant barely misses you.
The elephant tramples you.
You hold your ground!
The elephant trunk-slaps you.
The elephant tramples you but does no damage.
The elephant trunk-slaps you but does no damage.
Aiming: Charm
Press: ? - help, Shift-Dir - straight line, f/p - elephant
Aim: an elephant (weak-willed, chance to affect: 57%)
The elephant resists with significant effort.
You block the elephant's attack.
The elephant trunk-slaps you but does no damage.
The elephant barely misses you. The elephant misses you.
The elephant tramples you!
You hold your ground!
The elephant trunk-slaps you but does no damage.
The elephant attacks as you move away! The elephant misses you.
The elephant trunk-slaps you.
* * * LOW HITPOINT WARNING * * *
The elephant misses you.
The elephant trunk-slaps you but does no damage.
Aiming: Charm
Press: ? - help, Shift-Dir - straight line, f/p - elephant
Aim: an elephant (weak-willed, chance to affect: 57%)
The elephant is charmed.
The now-empty wand crumbles to dust.
The elephant tramples you but does no damage.
The elephant barely misses you. The elephant closely misses you.
The elephant trunk-slaps you but does no damage.
The elephant attacks as you move away! The elephant tramples you!
You die...

#..........# #..........#
#.........## #.........# ###
#.........#
####P###.........#######
#......................##
#.......................##
................@Y.......##
............>...YY<.......##
...........................##
............................###
..#######.......#.#####......P#
.## #........### ##......## ##
##.......# #P.......## #
#.......# ####.......
##......Y# ##......


You could see 2 elephants and a friendly elephant (charmed, weak-willed).

Vanquished Creatures
  2 boulder beetles (Lair:1)
  2 elephants
  A gargoyle (D:7)
  A komodo dragon (D:8)
  Prince Ribbit (D:6)
  A polar bear (Lair:1)
  The ghost of avis the Chiller, an amateur DgIE (D:4)
  Sigmund (D:5)
  4 wyverns (D:7)
  18 yaks
  A basilisk (Lair:1)
  Menkaure (D:5)
  An acid dragon (D:7)
  Duvessa (D:6)
  2 water moccasins
  3 orc warriors
  3 ice beasts (D:7)
  A hornet zombie (D:5)
  4 sky beasts (D:7)
  An ogre (D:6)
  2 black bears
  A phantom (D:7)
  3 centaurs
  Blork the orc (D:6)
  2 kobold brigands
  2 gnoll sergeants
  3 bullfrogs
  4 scorpions
  A necrophage (D:5)
  19 wights
  Dowan (D:6)
  9 killer bees (D:9)
  A howler monkey (D:9)
  A bullfrog zombie (D:5)
  8 hounds
  3 quasits (D:4)
  An orc priest (D:8)
  A centaur zombie (D:5)
  A jelly (D:6)
  A gnoll bouda (D:5)
  3 iguanas
  8 orc wizards
  A scorpion zombie (D:5)
  A hound zombie (D:5)
  11 gnolls
  5 adders
  A shadow imp (D:6)
  A white imp (D:5)
  An ufetubus (D:7)
  An adder zombie (D:5)
  3 worms
  2 dart slugs
  24 orcs
  7 ball pythons
  7 bats
  8 endoplasms
  4 giant cockroaches
  12 goblins
  9 hobgoblins
  12 jackals
  8 kobolds
  5 frilled lizards
  12 rats
  36 plants
297 creatures vanquished.

Notes
Turn   | Place    | Note
-------+----------+-------------------------------------------
     0 | D:1      | jfcaron the Gnoll Reaver began the quest for the Orb.
     0 | D:1      | Reached XP level 1. HP: 20/20 MP: 6/6
   163 | D:1      | Reached XP level 2. HP: 26/26 MP: 7/7
   314 | D:1      | Learned a level 1 spell: Magic Dart
   499 | D:1      | Reached skill level 5 in Spellcasting
   499 | D:1      | Reached XP level 3. HP: 31/31 MP: 6/9
   808 | D:1      | Reached skill level 1 in Invocations
  1309 | D:2      | Reached skill level 1 in Short Blades
  1309 | D:2      | Reached skill level 1 in Long Blades
  1309 | D:2      | Reached skill level 1 in Axes
  1309 | D:2      | Reached skill level 1 in Maces & Flails
  1309 | D:2      | Reached skill level 1 in Staves
  1309 | D:2      | Reached skill level 1 in Ranged Weapons
  1309 | D:2      | Reached skill level 1 in Throwing
  1309 | D:2      | Reached skill level 1 in Armour
  1309 | D:2      | Reached skill level 1 in Stealth
  1309 | D:2      | Reached skill level 1 in Shields
  1309 | D:2      | Reached skill level 1 in Unarmed Combat
  1309 | D:2      | Reached skill level 1 in Evocations
  1323 | D:2      | Reached XP level 4. HP: 21/38 MP: 8/11
  1855 | D:2      | Reached skill level 1 in Hexes
  1855 | D:2      | Reached skill level 1 in Summonings
  1855 | D:2      | Reached skill level 1 in Necromancy
  1855 | D:2      | Reached skill level 1 in Translocations
  1855 | D:2      | Reached skill level 1 in Transmutations
  1855 | D:2      | Reached skill level 1 in Fire Magic
  1855 | D:2      | Reached skill level 1 in Ice Magic
  1855 | D:2      | Reached skill level 1 in Air Magic
  1855 | D:2      | Reached skill level 1 in Earth Magic
  1855 | D:2      | Reached skill level 1 in Poison Magic
  2146 | D:2      | Found a hazy altar of Hepliaklqana.
  2349 | D:3      | Noticed a centaur
  2411 | D:3      | Reached XP level 5. HP: 42/42 MP: 10/12
  2773 | D:3      | Found an iron altar of Okawaru.
  2894 | D:3      | Learned a level 2 spell: Call Imp
  2902 | D:3      | Killed a centaur
  3241 | D:4      | Found a staircase to the Ecumenical Temple.
  3257 | Temple   | Entered the Ecumenical Temple
  3427 | Temple   | Became a worshipper of Vehumet
  3453 | D:4      | Learned a level 2 spell: Momentum Strike
  3474 | D:4      | Found a transporter.
  3474 | D:4      | Noticed avis's ghost (amateur DgIE)
  3757 | D:4      | Noticed a kobold brigand
  3948 | D:4      | Reached XP level 6. HP: 50/50 MP: 11/13
  4069 | D:4      | Found a transporter.
  4267 | D:4      | Found a sparkling altar of Nemelex Xobeh.
  4615 | D:5      | Entered Level 5 of the Dungeon
  4766 | D:5      | Reached skill level 5 in Fighting
  4766 | D:5      | Reached skill level 5 in Dodging
  4843 | D:5      | Found a snail-covered altar of Cheibriados.
  5029 | D:5      | Learned a level 3 spell: Hailstorm
  5032 | D:5      | Learned a level 2 spell: Cigotuvi's Dreadful Rot
  5036 | D:5      | Learned a level 3 spell: Mephitic Cloud
  5121 | D:5      | Noticed Sigmund
  5126 | D:5      | Killed Sigmund
  5127 | D:5      | Reached skill level 7 in Polearms
  5127 | D:5      | Reached XP level 7. HP: 51/56 MP: 3/15
  5282 | D:5      | Found a basalt altar of Yredelemnul.
  5365 | D:5      | Noticed Menkaure
  5378 | D:5      | Killed Menkaure
  5379 | D:5      | Reached XP level 8. HP: 62/63 MP: 14/16
  5871 | D:6      | Learned a level 2 spell: Poisonous Vapours
  5875 | D:6      | Learned a level 3 spell: Ozocubu's Armour
  5895 | D:6      | Reached * piety under Vehumet
  5895 | D:6      | Offered knowledge of Foxfire by Vehumet.
  6039 | D:5      | HP: 11/57 [poisoned by a scorpion]
  6486 | D:6      | Noticed Duvessa
  6487 | D:6      | Noticed Dowan
  6508 | D:6      | Killed Duvessa
  6512 | D:6      | Killed Dowan
  6756 | D:6      | Noticed Prince Ribbit
  6792 | D:6      | Killed Prince Ribbit
  6898 | D:6      | Reached XP level 9. HP: 58/63 MP: 10/18
  7231 | D:6      | Reached ** piety under Vehumet
  7424 | D:6      | Offered knowledge of Shock by Vehumet.
  7505 | D:6      | Noticed Blork the orc
  7521 | D:6      | Killed Blork the orc
  7522 | D:6      | Reached skill level 8 in Polearms
  7838 | D:7      | Learned a level 1 spell: Apportation
  7840 | D:7      | Learned a level 1 spell: Necrotise
  8070 | D:7      | Reached skill level 5 in Invocations
  8663 | D:7      | Reached skill level 5 in Short Blades
  8663 | D:7      | Reached skill level 5 in Long Blades
  8663 | D:7      | Reached skill level 5 in Axes
  8663 | D:7      | Reached skill level 5 in Maces & Flails
  8663 | D:7      | Reached skill level 5 in Staves
  8663 | D:7      | Reached skill level 5 in Ranged Weapons
  8663 | D:7      | Reached skill level 5 in Throwing
  8663 | D:7      | Reached skill level 5 in Armour
  8663 | D:7      | Reached skill level 5 in Stealth
  8663 | D:7      | Reached skill level 5 in Shields
  8663 | D:7      | Reached skill level 5 in Unarmed Combat
  8663 | D:7      | Reached skill level 5 in Evocations
  8663 | D:7      | Reached XP level 10. HP: 74/76 MP: 8/20
  8765 | D:7      | Noticed a gargoyle
  8769 | D:7      | Offered knowledge of Stone Arrow by Vehumet.
  8782 | D:7      | Killed a gargoyle
  9737 | D:7      | Reached *** piety under Vehumet
 10082 | D:8      | Learned a level 4 spell: Dispel Undead
 10739 | D:8      | Offered knowledge of Inner Flame by Vehumet.
 10740 | D:8      | Reached skill level 9 in Polearms
 10740 | D:8      | Reached skill level 5 in Hexes
 10740 | D:8      | Reached skill level 5 in Summonings
 10740 | D:8      | Reached skill level 5 in Necromancy
 10740 | D:8      | Reached skill level 5 in Translocations
 10740 | D:8      | Reached skill level 5 in Transmutations
 10740 | D:8      | Reached skill level 5 in Fire Magic
 10740 | D:8      | Reached skill level 5 in Ice Magic
 10740 | D:8      | Reached skill level 5 in Air Magic
 10740 | D:8      | Reached skill level 5 in Earth Magic
 10740 | D:8      | Reached skill level 5 in Poison Magic
 10740 | D:8      | Reached XP level 11. HP: 53/65 MP: 6/22
 10751 | D:8      | HP: 10/61 [wight/+3 flail (7)]
 11401 | D:8      | Found a staircase to the Lair.
 11694 | D:9      | Reached **** piety under Vehumet
 11890 | D:9      | Offered knowledge of Fireball by Vehumet.
 13301 | D:4      | Killed avis's ghost
 13575 | Lair:1   | Entered Level 1 of the Lair of Beasts
 13728 | Lair:1   | Noticed a boulder beetle
 13744 | Lair:1   | HP: 9/63 [basilisk (5)]
 13746 | Lair:1   | Killed a boulder beetle
 13999 | Lair:1   | Noticed a boulder beetle
 14025 | Lair:1   | Killed a boulder beetle
 14062 | Lair:1   | HP: 8/55 [elephant (15)]
 14069 | D:8      | HP: 5/55 [elephant (4)]
 14826 | Lair:1   | Slain by an elephant

Illustrated notes

Levels and vault maps discovered:
D:1:      dpeg_arrival_shelter, layout_basic, serial_forest,
          infiniplex_forest_pool, infiniplex_forest_lined_room_2,
          infiniplex_forest_straight_5, infiniplex_forest_clump_curved,
          infiniplex_forest_side_room, infiniplex_forest_fountain,
          infiniplex_forest_clump_double, minmay_heptomino_d4
D:2:      layout_basic, basic_altar, nicolae_figureground_sparkle
D:3:      layout_rooms, mainiacjoe_overflow_paths
D:4:      layout_loops_corners, nemelex_diamond_rough_becter,
          minmay_temple_entry_offerings, gammafunk_ghost_stat_death,
          roderic_serpentine_path, lightli_corner_chamber
D:5:      layout_loops_cross, nicolae_yredelemnul_corpse_copse, slow_altar_1,
          uniq_sigmund, uniq_menkaure
D:6:      layout_cave_pools, serial_rivers, chequers_serial_rivers_small_a,
          chequers_serial_rivers_large_b, chequers_serial_rivers_marsh,
          chequers_serial_rivers_marsh, chequers_serial_rivers_micro_c,
          chequers_serial_rivers_large_a, uniq_prince_ribbit1, uniq_duvessa,
          uniq_blork_the_orc
D:7:      cheibrodos_barr_body, layout_layer_cave
D:8:      layout_rooms, david_lair_shrubbed, kennysheep_decorative_pillar,
          hangedman_decor_peaks_small
D:9:      layout_long_grid, dk_rats_in_the_wall
Temple:   nicolae_temple_bog_church
Lair:1:   layout_hall_layers, nzn_sisyphean_effort, grunt_megastairs_5

Skill      XL: |  1  2  3  4  5  6  7  8  9 10 11 |
---------------+----------------------------------+-----
Spellcasting   | 5 6 7 8 |  8.6
Invocations    | 1 2 3 4 5 6 7 |  7.6
Short Blades   | 1 2 3 5 6 |  6.9
Long Blades    | 1 2 3 5 6 |  6.9
Axes           | 1 2 3 5 6 |  6.9
Maces & Flails | 1 2 3 5 6 |  6.9
Staves         | 1 2 3 5 6 |  6.9
Ranged Weapons | 1 2 3 5 6 |  6.9
Throwing       | 1 2 3 5 6 |  6.9
Armour         | 1 2 3 5 6 |  6.9
Stealth        | 1 2 3 5 6 |  6.9
Shields        | 1 2 3 5 6 |  6.9
Unarmed Combat | 1 2 3 5 6 |  6.9
Evocations     | 1 2 3 5 6 |  6.9
Hexes          | 1 2 3 4 5 |  5.7
Summonings     | 1 2 3 4 5 |  5.7
Necromancy     | 1 2 3 4 5 |  5.7
Translocations | 1 2 3 4 5 |  5.7
Transmutations | 1 2 3 4 5 |  5.7
Fire Magic     | 1 2 3 4 5 |  5.7
Ice Magic      | 1 2 3 4 5 |  5.7
Air Magic      | 1 2 3 4 5 |  5.7
Earth Magic    | 1 2 3 4 5 |  5.7
Poison Magic   | 1 2 3 4 5 |  5.7
Fighting       | 5 6 7 8 |  8.4
Dodging        | 5 6 7 8 |  8.4
Polearms       | 7 8 9 |  9.6
Conjurations   | 6 7 8 |  8.0

Action                   |  1- 3 |  4- 6 |  7- 9 | 10-12 || total
-------------------------+-------+-------+-------+-------++-------
Melee: Spear             |   127 |    66 |   167 |    91 ||   451
       Bite              |     9 |     9 |    20 |     9 ||    47
       Punch             |     1 |     2 |    10 |       ||    13
       Staff             |       |    14 |     6 |    40 ||    60
       Dagger            |       |       |       |     6 ||     6
Throw: Boomerang         |       |       |     1 |       ||     1
       Dart              |       |       |    21 |     2 ||    23
 Cast: Magic Dart        |    22 |   108 |    72 |    99 ||   301
       Kiss of Death     |       |     1 |     2 |     1 ||     4
       Call Imp          |       |     8 |    24 |    11 ||    43
       Hailstorm         |       |     3 |    29 |    59 ||    91
       Cigotuvi's Dreadf |       |     1 |     4 |    25 ||    30
       Mephitic Cloud    |       |     1 |     2 |     9 ||    12
       Poisonous Vapours |       |       |     9 |    26 ||    35
       Ozocubu's Armour  |       |       |     7 |     3 ||    10
       Necrotise         |       |       |     9 |    37 ||    46
       Dispel Undead     |       |       |       |     9 ||     9
Evoke: Wand              |       |       |       |     4 ||     4
  Use: Scroll            |     3 |     8 |     2 |     5 ||    18
       Potion            |       |       |     1 |     8 ||     9
 Stab: Sleeping          |     1 |       |       |     1 ||     2
       Distracted        |       |       |     3 |       ||     3
       Confused          |       |       |     3 |     5 ||     8
Armor: Leather armour    |    18 |    18 |    35 |       ||    71
       Robe              |       |       |    10 |    67 ||    77
Dodge: Dodged            |    47 |    46 |    99 |   113 ||   305
Block: Buckler           |       |       |     1 |    53 ||    54

Table legend: (Time is in decaauts)
 A = Elapsed time spent in this place.
 B = Non-inter-level travel time spent in this place.
 C = Inter-level travel time spent in this place.
 D = Time resting spent in this place.
 E = Time spent auto-exploring this place.
 F = Levels seen in this place.
 G = Mean time per level.
                   A        B        C        D        E       F      G
               +--------+--------+--------+--------+--------+-----+--------+
         Total |  14706 |  13386 |   1320 |   3557 |   7507 |  11 | 1336.9 |
       Dungeon |  14022 |  12748 |   1274 |   3460 |   7141 |   9 | 1558.0 |
        Temple |    194 |    148 |     46 |      0 |    133 |   1 |  194.0 |
          Lair |    490 |    490 |      0 |     97 |    233 |   1 |  490.0 |
               +--------+--------+--------+--------+--------+-----+--------+

Top non-repeatable levels by time:
     D:8: 2540 daAuts
     D:7: 2278 daAuts
     D:4: 1855 daAuts
     D:5: 1637 daAuts
     D:6: 1568 daAuts
     D:1: 1314 daAuts
     D:9: 1104 daAuts
     D:2: 987 daAuts
     D:3: 736 daAuts
  Lair:1: 490 daAuts
  Temple: 194 daAuts
